[Event "Early-Titled-Tuesday-Blitz-February-13-2024"]
[Site "Chess.com"]
[Date "2024.02.13"]
[Round "3"]
[White "Chess_Gainz"]
[Black "Nellichka"]
[Result "1-0"]
[WhiteElo "2544"]
[BlackElo "2068"]
[TimeControl "180+1"]
[EndTime "8:30:08 PST"]
[Termination "Chess_Gainz won by resignation"]

1. e4 e5 2. Nf3 d5 3. exd5 e4 4. Qe2 Qe7 5. Nd4 Qe5 6. Qe3 Bc5 7. Nf3 Qxd5 8. d4 Be7 9. Nc3 Qa5 10. Qxe4 Nf6 11. Qe5 c5 12. Bd2 Nc6 13. Bb5 O-O 14. Bxc6 bxc6 15. Nd5 Qd8 16. Nxe7+ Kh8 17. Bg5 Nd7 18.
Ng6+ fxg6 19. Bxd8 Nxe5 20. Nxe5 Rxd8 21. Nf7+ 1-0

[Event "Early-Titled-Tuesday-Blitz-February-13-2024"]
[Site "Chess.com"]
[Date "2024.02.13"]
[Round "3"]
[White "Igor_Lysyj"]
[Black "Chandradi"]
[Result "1-0"]
[WhiteElo "2854"]
[BlackElo "2517"]
[TimeControl "180+1"]
[EndTime "8:30:09 PST"]
[Termination "Igor_Lysyj won by resignation"]

1. d4 Nf6 2. c4 e6 3. Nf3 b6 4. a3 Bb7 5. Nc3 Ne4 6. Nxe4 Bxe4 7. e3 Be7 8. Bd2 O-O 9. Bc3 d6 10. Bd3 Bxd3 11. Qxd3 Bf6 12. O-O Qe7 13. e4 e5 14.
d5 a5 15. b4 axb4 16. axb4 Nd7 17. Nd2 Bg5 18. Nb3 f5 19. exf5 e4 20. Qe2 Rxa1 21. Bxa1 Rxf5 22. Nd4 Rf7 23. Ne6 e3 24. f4 Bf6 25.
Qxe3 Bxa1 26. Rxa1 Nf8 27. Ra8 h6 28. Qe4 Qf6 29. h3 g6 30. Re8 Re7 31. Rxf8+ Qxf8 32. Qxg6+ Kh8 33. Nxf8 1-0

[Event "Early-Titled-Tuesday-Blitz-February-13-2024"]
[Site "Chess.com"]
[Date "2024.02.13"]
[Round "3"]
[White "Cheer_Down"]
[Black "kids2010"]
[Result "0-1"]
[WhiteElo "2513"]
[BlackElo "2824"]
[TimeControl "180+1"]
[EndTime "8:30:09 PST"]
[Termination "kids2010 won by resignation"]

1. e4 g6 2. d4 Bg7 3. Nc3 d6 4.
Nf3 a6 5. Bd3 b5 6. Ne2 Bb7 7. Ng3 c5 8. c3 Nd7 9. O-O e5 10. a4 c4 11. Bc2 Ngf6 12. h4 h5 13. Ng5 O-O 14. f4 Ng4 15. f5 exd4 16. cxd4 Qb6 17. fxg6 Qxd4+ 18. Kh1 fxg6 19. Qxd4 Rxf1+ 20. Nxf1 Bxd4 21. Ne6 Bb6 22. axb5 axb5 23. Rxa8+ Bxa8 24. Bf4 Nde5 25. Ng5 Bd4 0-1

[Event "Early-Titled-Tuesday-Blitz-February-13-2024"]
[Site "Chess.com"]
[Date "2024.02.13"]
[Round "3"]
[White "isaak2009"]
[Black "ChristopherYoo"]
[Result "0-1"]
[WhiteElo "2680"]
[BlackElo "2980"]
[TimeControl "180+1"]
[EndTime "8:30:10 PST"]
[Termination "ChristopherYoo won by resignation"]

1. e4 c6 2. d4 d5 3. e5 Bf5 4. Nc3 e6 5. g4 Bg6 6. Nge2 h6 7. h4 c5 8. Be3 Nc6 9. f4 h5 10. f5 exf5 11. gxf5 Bxf5 12. Bg2 Nge7 13. dxc5 Nxe5 14. Nxd5 Nxd5 15. Qxd5 Qxd5 16. Bxd5 O-O-O 17. O-O-O Bg4 18. Rhe1 Be7 19. Rd2 Bxh4 20. Rh1 Bf6 21.
Nc3 Nf3 22. Bxf3 Bxf3 23. Rf1 Bc6 24. a4 h4 25. Nb5 Rxd2 26. Kxd2 h3 27. Nd6+ Kd7 28.
Bf4 h2 0-1

[Event "Early-Titled-Tuesday-Blitz-February-13-2024"]
[Site "Chess.com"]
[Date "2024.02.13"]
[Round "3"]
[White "VeraVujovic"]
[Black "Fernando_Offermann"]
[Result "0-1"]
[WhiteElo "2239"]
[BlackElo "2504"]
[TimeControl "180+1"]
[EndTime "8:30:10 PST"]
[Termination "Fernando_Offermann won on time"]

1. e4 c5 2. Nf3 d6 3. d4 cxd4 4. Nxd4 Nf6 5. Nc3 a6 6. Be3 e6 7.
Qd2 b5 8. f3 h5 9. O-O-O Bb7 10. Nb3 Nbd7 11. Bd4 Qc7 12. Qe3 b4 13. Ne2 d5 14. e5 Ng8 15. Nf4 Ne7 16. Nd3 Nf5 17. Qf2 Nxd4 18. Qxd4 Be7 19. Re1 a5 20. Nd2 Rc8 21.
c4 bxc3 22. bxc3 Qxc3+ 23. Qxc3 Rxc3+ 24. Kb2 d4 25. Nb3 O-O 26. Nxd4 Rfc8 27. Be2 Ba3+ 28. Kb1 Bd5 29. Nb3 a4 30. Nbc1 Rb8+ 31. Ka1 Bb2+ 32. Nxb2 Rc2 33. Ncd3 a3 34. Bd1 axb2+ 35. Kb1 Rxg2 36.
Bb3 Bxb3 37. axb3 Rxb3 38. Rd1 Nb6 39. Rhe1 Nc4 0-1

[Event "Early-Titled-Tuesday-Blitz-February-13-2024"]
[Site "Chess.com"]
[Date "2024.02.13"]
[Round "3"]
[White "Viktor_Poddubnyi"]
[Black "TheCavemanChess"]
[Result "0-1"]
[WhiteElo "2286"]
[BlackElo "2680"]
[TimeControl "180+1"]
[EndTime "8:30:11 PST"]
[Termination "TheCavemanChess won on time"]

1. e4 c5 2. Nf3 d6 3. d4 cxd4 4. Nxd4 Nf6 5. Nc3 a6 6. Bg5 e6 7. Qf3 Nbd7 8. O-O-O Qc7 9. g4 b5 10. a3 Bb7 11. Bd3 Be7 12. Qg3 Nc5 13. Rhe1 O-O 14.
h4 Rfc8 15. Kb1 Qb6 16. Bc1 b4 17. axb4 Qxb4 18. g5 Qxd4 19. gxf6 Bxf6 20. f4 Qb4 21. e5 dxe5 22. fxe5 Bxh4 23. Qh3 Nxd3 0-1

[Event "Early-Titled-Tuesday-Blitz-February-13-2024"]
[Site "Chess.com"]
[Date "2024.02.13"]
[Round "3"]
[White "Statham_01"]
[Black "WhiteKnight2612"]
[Result "0-1"]
[WhiteElo "2587"]
[BlackElo "2875"]
[TimeControl "180+1"]
[EndTime "8:30:12 PST"]
[Termination "WhiteKnight2612 won by checkmate"]

1. e4 c5 2. Nf3 d6 3. d4 cxd4 4. Nxd4 Nf6 5. Nc3 Nc6 6. Be3 e5 7. Nb3 Be6 8. f3 h6 9. Qd2 Be7 10. O-O-O a5 11. a4 O-O 12. g4 Nb4 13. h4 d5 14. g5 d4 15. Qg2 Qc8 16. gxf6 Bxf6 17. Nxd4 exd4 18. Bxd4 Bxd4 19. Rxd4 Qc5 20. Rd2 Rac8 21.
Rg1 g6 22. f4 Qe3 23. Qg3 Rxc3 24. bxc3 Na2+ 25. Kb2 Qxd2 26. f5 Qc1# 0-1

[Event "Early-Titled-Tuesday-Blitz-February-13-2024"]
[Site "Chess.com"]
[Date "2024.02.13"]
[Round "3"]
[White "abeljusto"]
[Black "calin_dragomirescu"]
[Result "0-1"]
[WhiteElo "2081"]
[BlackElo "2345"]
[TimeControl "180+1"]
[EndTime "8:30:13 PST"]
[Termination "calin_dragomirescu won on time"]

1. e4 g6 2. d4 Bg7 3. Nc3 d6 4. Be3 a6 5. Qd2 b5 6. h4 h5 7.
Nh3 Bxh3 8. Rxh3 Nd7 9. Be2 Ngf6 10. f3 O-O 11. Nd1 c5 12. c3 cxd4 13. cxd4 Rc8 14.
Nf2 Nb6 15. b3 Nfd7 16. g4 Nf6 17. gxh5 Nxh5 18. f4 Nf6 19. h5 Qc7 20. hxg6 fxg6 21.
f5 gxf5 22. Bh6 Rf7 23. exf5 Nbd5 24. Rg3 Kf8 25. Bxg7+ Rxg7 26. Rxg7 Kxg7 27. Qg5+ Kf8 28. Qh6+ Ke8 29. Qh8+ Kd7 30. Qh3 Rg8 31. Qd3 Nb4 32. Qd2 Nc2+ 0-1

[Event "Early-Titled-Tuesday-Blitz-February-13-2024"]
[Site "Chess.com"]
[Date "2024.02.13"]
[Round "3"]
[White "jocmil"]
[Black "Shield12"]
[Result "0-1"]
[WhiteElo "2753"]
[BlackElo "3006"]
[TimeControl "180+1"]
[EndTime "8:30:14 PST"]
[Termination "Shield12 won by resignation"]

1. d4 Nf6 2. Bg5 d5 3. e3 c5 4. c3 Nc6 5. Nd2 cxd4 6. exd4 h6 7. Bh4 Bf5 8. Ngf3 e6 9. Qb3 Qc8 10. Be2 Be7 11. O-O O-O 12. Rfe1 a6 13. a4 Qc7 14. Ne5 Bd6 15. Bg3 Nxe5 16. dxe5 Bxe5 17. Bxe5 Qxe5 18. Qxb7 Rab8 19. Qxa6 Rxb2 20. Nf3 Qxc3 21.
Rac1 Qb4 22. Bd3 Bxd3 23. Qxd3 Qxa4 24. Qc3 Ra2 25. Ne5 Ne4 26. Qc6 Qd4 0-1

[Event "Early-Titled-Tuesday-Blitz-February-13-2024"]
[Site "Chess.com"]
[Date "2024.02.13"]
[Round "3"]
[White "CarlosjPineror"]
[Black "Sam_ChessMood"]
[Result "0-1"]
[WhiteElo "2703"]
[BlackElo "2929"]
[TimeControl "180+1"]
[EndTime "8:30:16 PST"]
[Termination "Sam_ChessMood won by resignation"]

1. e4 c5 2. Nf3 e6 3. g3 d5 4. exd5 exd5 5. Bg2 Qe7+ 6. Kf1 Nc6 7. h3 Nf6 8. Kg1 Qc7 9. d4 cxd4 10. Nxd4 Bc5 11.
Be3 Qb6 12. c3 Bxd4 13. cxd4 Qxb2 14. Nd2 Bf5 15. Qc1 Qxc1+ 16. Rxc1 O-O 17. Kh2 h6 18. Nb3 Rac8 19. Nc5 b6 20. Nb3 Nb4 21. a3 Nc2 22. Bf4 Rc3 23. Nd2 Rfc8 24. Be5 Be6 25. a4 Nd7 26. Rhe1 Nxe5 27. Rxe5 Nxd4 28. Rxc3 Rxc3 29.
Bxd5 Rc5 30. Rxe6 fxe6 0-1

[Event "Early-Titled-Tuesday-Blitz-February-13-2024"]
[Site "Chess.com"]
[Date "2024.02.13"]
[Round "3"]
[White "GoValya"]
[Black "DrCeltic"]
[Result "0-1"]
[WhiteElo "2290"]
[BlackElo "2566"]
[TimeControl "180+1"]
[EndTime "8:30:16 PST"]
[Termination "DrCeltic won by checkmate"]

1. d4 Nf6 2. g3 d5 3. Bg2 Bf5 4.
c4 c6 5. Nc3 e6 6. Nf3 h6 7.
O-O Be7 8. b3 Ne4 9. Bb2 O-O 10.
Nd2 Nxc3 11. Bxc3 Nd7 12. f3 Bg6 13. e4 c5 14. f4 cxd4 15. Bxd4 dxe4 16. Nxe4 Qc7 17. Qe2 Rad8 18. Qb2 Bxe4 19. Bxg7 Bxg2 20. Bxf8 Bxf8 21. Qxg2 Bg7 22. Rad1 Nf6 23. Rxd8+ Qxd8 24. Qxb7 Qd4+ 25. Kh1 Ne4 26. Qc6 Qd3 27. Rg1 Qf3+ 28. Rg2 Qf1+ 29. Rg1 Nf2# 0-1

[Event "Early-Titled-Tuesday-Blitz-February-13-2024"]
[Site "Chess.com"]
[Date "2024.02.13"]
[Round "3"]
[White "DonkyDonkyDonkey"]
[Black "soloderisas"]
[Result "1-0"]
[WhiteElo "2940"]
[BlackElo "2537"]
[TimeControl "180+1"]
[EndTime "8:30:17 PST"]
[Termination "DonkyDonkyDonkey won by checkmate"]

1. d4 d5 2. Nc3 c6 3. Bf4 Bf5 4. e3 e6 5. Bd3 Bd6 6. Bxd6 Qxd6 7. Nf3 Nd7 8. O-O Ngf6 9. Re1 Ne4 10. Bxe4 dxe4 11.
Nd2 Nf6 12. h3 h5 13. f3 exf3 14. Qxf3 g5 15. Qf2 Ng4 16. hxg4 hxg4 17. Nf1 O-O-O 18. Qg3 Qb4 19. e4 Qxd4+ 20. Qe3 Bg6 21. Qxd4 Rxd4 22. Rad1 c5 23. Rxd4 cxd4 24. Nb5 Rd8 25. Rd1 e5 26. c3 a6 27. Na3 dxc3 28. Rxd8+ Kxd8 29. bxc3 Bxe4 30. Nc4 f6 31. a3 Kd7 32. Nfe3 Ke6 33. Nxg4 Bd3 34. Nd2 f5 35. Nf2 Bc2 36.
Kf1 e4 37. Ke2 Ke5 38. Nc4+ Ke6 39. Kd2 Ba4 40. Na5 b6 41. Nc4 b5 42. Na5 Ke5 43. Nc6+ Kf4 44. Ke1 Ke3 45. Nd4 f4 46. Nf5# 1-0

[Event "Early-Titled-Tuesday-Blitz-February-13-2024"]
[Site "Chess.com"]
[Date "2024.02.13"]
[Round "3"]
[White "ChristianArca"]
[Black "MasterofMasters2006"]
[Result "1-0"]
[WhiteElo "2734"]
[BlackElo "2278"]
[TimeControl "180+1"]
[EndTime "8:30:21 PST"]
[Termination "ChristianArca won by resignation"]

1. d4 Nf6 2. Nf3 d5 3. g3 c6 4. Bg2 e5 5. O-O exd4 6. Nxd4 Bd6 7. c4 dxc4 8. Qc2 O-O 9. Rd1 Qe7 10. Qxc4 Rd8 11. Nc3 Be5 12. Bg5 h6 13. Bxf6 Qxf6 14. Ne4 Qe7 15. Nf3 Rxd1+ 16. Rxd1 Be6 17. Qc5 Bf6 18.
Nxf6+ Qxf6 19. Qb4 b5 20. a3 Nd7 21. h4 Nb6 22. Nd4 Bd5 23. Bxd5 Nxd5 24. Qc5 Ne7 25.
Rc1 Rd8 26. e3 Rd5 27. Qxa7 Kh7 28. Qb7 Qd6 29. Kg2 Re5 30. Nf3 Rc5 31. Rxc5 Qxc5 32. Qd7 Ng6 33. Qxf7 Qd5 34. h5 Ne5 35. Qf5+ 1-0

[Event "Early-Titled-Tuesday-Blitz-February-13-2024"]
[Site "Chess.com"]
[Date "2024.02.13"]
[Round "3"]
[White "betta2004"]
[Black "K_A_S_T_O_R"]
[Result "1-0"]
[WhiteElo "2620"]
[BlackElo "2863"]
[TimeControl "180+1"]
[EndTime "8:30:27 PST"]
[Termination "betta2004 won by resignation"]

1. e4 c5 2. Nc3 e6 3. Nge2 a6 4. g3 Nc6 5. Bg2 Nf6 6. O-O d6 7. Re1 Be7 8. d4 cxd4 9. Nxd4 Bd7 10. Be3 O-O 11. Qe2 Qc7 12. Rad1 b5 13. f4 Rab8 14. g4 Nxd4 15. Bxd4 b4 16. Nb1 e5 17. g5 exd4 18.
gxf6 Bxf6 19. e5 dxe5 20. fxe5 Rfe8 21. Rxd4 Rxe5 22. Re4 Qb6+ 23. Kh1 Rbe8 24. Nd2 Rxe4 25. Nxe4 Bxb2 26. Bf3 f5 27. Qc4+ Be6 28. Ng5 Rc8 29. Rxe6 1-0

[Event "Early-Titled-Tuesday-Blitz-February-13-2024"]
[Site "Chess.com"]
[Date "2024.02.13"]
[Round "3"]
[White "C_K_G"]
[Black "Macron20hTF1"]
[Result "0-1"]
[WhiteElo "2126"]
[BlackElo "2551"]
[TimeControl "180+1"]
[EndTime "8:30:29 PST"]
[Termination "Macron20hTF1 won by resignation"]

1. e4 e6 2. Nf3 b6 3. Nc3 Bb7 4. d4 Bb4 5. Bd3 Nf6 6. Bg5 h6 7.
Bxf6 Qxf6 8. O-O Bxc3 9. bxc3 O-O 10. Re1 d6 11. Qe2 Nd7 12. c4 e5 13. c3 Rfe8 14. g3 Nb8 15. Qe3 Nc6 16. d5 Na5 17. Nh4 Ba6 18. Qe2 g6 19. Qf1 Nb7 20. Re3 Nc5 21. Bc2 Kg7 22. Rf3 Qg5 23. Qe2 Bc8 24. Nf5+ gxf5 25. exf5 e4 26. f6+ Kh8 27. Rf4 Bf5 28.
Re1 Nd3 29. Bxd3 exd3 30. Qxe8+ Rxe8 31. Rxe8+ Kh7 32. Re1 Qxf4 33. gxf4 Bg4 34. f3 Bxf3 35. Kf2 d2 36. Rg1 d1=Q 37. Rxd1 Bxd1 0-1

[Event "Early-Titled-Tuesday-Blitz-February-13-2024"]
[Site "Chess.com"]
[Date "2024.02.13"]
[Round "3"]
[White "fabianvivasz"]
[Black "ValiantCeleb"]
[Result "1-0"]
[WhiteElo "2403"]
[BlackElo "2157"]
[TimeControl "180+1"]
[EndTime "8:30:32 PST"]
[Termination "fabianvivasz won by resignation"]

1. e4 c5 2. Nf3 e6 3. d4 cxd4 4. Nxd4 a6 5. Bd3 Bc5 6. Nb3 Ba7 7. Qe2 Nc6 8. Be3 Nge7 9. O-O b5 10. a4 Bxe3 11.
Qxe3 bxa4 12. Rxa4 d6 13. N1d2 O-O 14. Rfa1 a5 15.
Nc4 Bd7 16. Ncxa5 Ne5 17. Nb7 Rxa4 18. Nxd8 Rxa1+ 19. Nxa1 Rxd8 20. h3 Rb8 21. Nb3 N7c6 22. f4 Nxd3 23. Qxd3 Kf8 24. Qxd6+ Ke8 25. Nc5 1-0

[Event "Early-Titled-Tuesday-Blitz-February-13-2024"]
[Site "Chess.com"]
[Date "2024.02.13"]
[Round "3"]
[White "Kildepiotr"]
[Black "ccccvhhhj"]
[Result "1-0"]
[WhiteElo "2690"]
[BlackElo "2489"]
[TimeControl "180+1"]
[EndTime "8:30:33 PST"]
[Termination "Kildepiotr won on time"]

1. Nf3 Nc6 2. g3 d5 3. Bg2 Bf5 4. O-O Qd7 5. c4 e6 6. cxd5 exd5 7.
d4 Nf6 8. Nc3 O-O-O 9. Bg5 Be7 10. Rc1 h6 11. Bf4 Ne4 12. Ne5 Nxc3 13. Rxc3 Nxe5 14.
Bxe5 Bd6 15. Bxg7 Rhg8 16. Bxh6 Bh3 17. Qd2 Bxg2 18. Kxg2 Qg4 19. Rf3 Rg6 20. h4 f6 21.
Rh1 Rh8 22. Bf4 Qe6 23. Bxd6 Qxd6 24. Qf4 Qe6 25. Qf5 Kd7 26. Qxg6 Qxe2 27. Re3 1-0

[Event "Early-Titled-Tuesday-Blitz-February-13-2024"]
[Site "Chess.com"]
[Date "2024.02.13"]
[Round "3"]
[White "gmcorrales"]
[Black "DucksParadise"]
[Result "1/2-1/2"]
[WhiteElo "2827"]
[BlackElo "2522"]
[TimeControl "180+1"]
[EndTime "8:30:34 PST"]
[Termination "Game drawn by repetition"]

1. d4 e6 2. f4 c5 3. e3 f5 4.
Nf3 Nf6 5. c3 d5 6. Bd3 Bd6 7.
h3 b6 8. Qe2 a5 9. Nbd2 Ba6 10.
c4 Nc6 11. O-O O-O 12. cxd5 Bxd3 13. Qxd3 Nxd5 14. Nc4 cxd4 15. Nxd6 Qxd6 16. Nxd4 Nxd4 17. Qxd4 Rfd8 18. b3 Nb4 19. Bb2 Qxd4 20. Bxd4 Nc2 21.
Bxb6 Nxa1 22. Bxd8 Rxd8 23. Rxa1 Rd2 24. Kf1 Rb2 25. Kg1 h6 26. Kh2 g5 27. Kg3 Kf7 28. Kf3 Kf6 29. g4 Rh2 30. Kg3 Re2 31. Kf3 Rh2 32. gxf5 exf5 33. Kg3 Re2 34. Kf3 Rh2 35. Kg3 Re2 36. Kf3 Rh2 1/2-1/2

[Event "Early-Titled-Tuesday-Blitz-February-13-2024"]
[Site "Chess.com"]
[Date "2024.02.13"]
[Round "3"]
[White "JonasEilenberg"]
[Black "Gryffindorac8"]
[Result "1-0"]
[WhiteElo "2589"]
[BlackElo "2390"]
[TimeControl "180+1"]
[EndTime "8:30:34 PST"]
[Termination "JonasEilenberg won by resignation"]

1. d4 Nf6 2. c4 c5 3. d5 b5 4. Qc2 b4 5. e4 d6 6. a3 a5 7. Nf3 g6 8. axb4 cxb4 9. Be3 Nbd7 10. c5 Nxc5 11. Bxc5 dxc5 12. Qxc5 Bg7 13. Bb5+ Bd7 14.
e5 Bxb5 15. exf6 Bxf6 16. Qxb5+ Kf8 17. O-O Bxb2 18. Ra2 Bf6 19. Nbd2 Kg7 20. Ne4 Rb8 21. Qxa5 b3 22. Qxd8 Rhxd8 23. Rd2 b2 24. Rb1 Rb5 25.
Nxf6 Kxf6 26. Rdxb2 Rxb2 27. Rxb2 Rxd5 28. g3 e6 29. Kg2 h5 30. h4 Kg7 31. Rb7 Rf5 32. Ng5 Kg8 33. Ne4 Kg7 34. Nd6 Rd5 35. Nxf7 Kg8 36.
Ng5 Re5 37. Re7 Re1 38. Rxe6 1-0

[Event "Early-Titled-Tuesday-Blitz-February-13-2024"]
[Site "Chess.com"]
[Date "2024.02.13"]
[Round "3"]
[White "PushingpawnsNYC"]
[Black "Alina_Gumerovna"]
[Result "1-0"]
[WhiteElo "2339"]
[BlackElo "2098"]
[TimeControl "180+1"]
[EndTime "8:30:35 PST"]
[Termination "PushingpawnsNYC won on time"]

1. e4 e5 2. Nf3 Nf6 3. Nxe5 Nxe4 4. Qe2 Qe7 5. Qxe4 d6 6. d4 dxe5 7. dxe5 Nc6 8. Bb5 Bd7 9. f4 O-O-O 10. Nc3 f6 11. Be3 fxe5 12. O-O-O exf4 13. Qxf4 Qf6 14. Qa4 1-0

[Event "Early-Titled-Tuesday-Blitz-February-13-2024"]
[Site "Chess.com"]
[Date "2024.02.13"]
[Round "3"]
[White "AttackSparrow"]
[Black "Schachmalanders"]
[Result "0-1"]
[WhiteElo "2611"]
[BlackElo "2454"]
[TimeControl "180+1"]
[EndTime "8:30:38 PST"]
[Termination "Schachmalanders won on time"]

1. Nf3 c5 2. e3 Nf6 3. d4 d5 4. a3 cxd4 5. exd4 Nc6 6. Bb5 a6 7.
Bxc6+ bxc6 8. O-O e6 9. Bf4 Be7 10. Nbd2 O-O 11. Re1 a5 12. c4 c5 13. Rc1 cxd4 14.
Nxd4 Qb6 15. Be3 Qxb2 16. Rb1 Qxa3 17. Nb5 Qd3 18. Rb3 Qf5 19. Bd4 dxc4 20. Nxc4 Qd5 21.
Nc7 Qxc4 22. Nxa8 a4 23. Rc3 Qd5 24. Nc7 Qa5 25. Re5 Qb4 26. Rb5 Qd6 0-1

[Event "Early-Titled-Tuesday-Blitz-February-13-2024"]
[Site "Chess.com"]
[Date "2024.02.13"]
[Round "3"]
[White "Mariia89"]
[Black "Balla_Tamas"]
[Result "1-0"]
[WhiteElo "2187"]
[BlackElo "2387"]
[TimeControl "180+1"]
[EndTime "8:30:39 PST"]
[Termination "Mariia89 won by checkmate"]

1. d4 d5 2. Nf3 Nf6 3. c4 e6 4.
Nc3 c5 5. cxd5 exd5 6. Bg5 Be6 7. e3 Nc6 8. Rc1 Be7 9. Bd3 cxd4 10. exd4 h6 11. Bh4 O-O 12. O-O a6 13. Bb1 Bg4 14. Qd3 g6 15. Ne5 Bf5 16. Qd2 Bxb1 17. Rxb1 Kg7 18. Rfe1 Re8 19. h3 Qb6 20. Na4 Qb5 21. b3 Ne4 22. Qf4 Bxh4 23. Qxf7+ Kh8 24. Nxg6# 1-0

[Event "Early-Titled-Tuesday-Blitz-February-13-2024"]
[Site "Chess.com"]
[Date "2024.02.13"]
[Round "3"]
[White "Kunalm64"]
[Black "Sanan_Sjugirov"]
[Result "0-1"]
[WhiteElo "2538"]
[BlackElo "2993"]
[TimeControl "180+1"]
[EndTime "8:30:40 PST"]
[Termination "Sanan_Sjugirov won on time"]

1. e4 c5 2. Nf3 d6 3. Bb5+ Bd7 4. Bxd7+ Qxd7 5. c4 Nf6 6. Nc3 Nc6 7. d4 cxd4 8.
Nxd4 e6 9. O-O Be7 10. b3 O-O 11. Bb2 a6 12. a4 Rac8 13. Rc1 Qc7 14. Nd5 Qd8 15.
Nxc6 Rxc6 16. Nxe7+ Qxe7 17. Qd4 e5 18. Qd3 Rfc8 19. Rfd1 Qe6 20. h3 h6 21. Ba3 Ne8 22. Qd5 Qxd5 23. cxd5 Rc3 24. Bb2 Rc2 25. Ba3 Kf8 26. Bb4 Ke7 27. Rxc2 Rxc2 28. Rd3 Nf6 29. f3 Kd7 30. Rc3 Rb2 31. Ba5 Ne8 32. h4 h5 33.
Bb6 g6 34. a5 f5 35. exf5 gxf5 36. g4 fxg4 37. fxg4 hxg4 38. h5 Ke7 39. h6 Kf7 40.
h7 Kg7 41. Rc8 Kxh7 42. Rxe8 Kg6 43. Re6+ Kf5 44. Rxd6 Rxb3 45. Rd7 Rd3 46. Rf7+ Ke4 47. Rxb7 Rxd5 48. Kg2 Rd3 49. Rg7 Rd2+ 50. Kg3 Rb2 0-1

[Event "Early-Titled-Tuesday-Blitz-February-13-2024"]
[Site "Chess.com"]
[Date "2024.02.13"]
[Round "3"]
[White "GameOverBro"]
[Black "remyrushbrooke"]
[Result "0-1"]
[WhiteElo "2540"]
[BlackElo "2272"]
[TimeControl "180+1"]
[EndTime "8:30:41 PST"]
[Termination "remyrushbrooke won on time"]

1. e4 e5 2. Nf3 Nf6 3. d4 Nxe4 4.
Bd3 d5 5. Nxe5 Nd7 6. Nxd7 Bxd7 7. Nc3 Nxc3 8. bxc3 Bd6 9. O-O O-O 10. Qh5 f5 11.
Qf3 Kh8 12. Qxd5 Bc6 13. Qb3 Bxh2+ 14. Kxh2 Qh4+ 15. Kg1 Bxg2 16. f3 Bxf1 17. Kxf1 Rae8 18.
Ba3 Qh1+ 19. Kf2 Qh2+ 20. Kf1 Rf6 0-1

[Event "Early-Titled-Tuesday-Blitz-February-13-2024"]
[Site "Chess.com"]
[Date "2024.02.13"]
[Round "3"]
[White "Brahianzevich"]
[Black "lacafi"]
[Result "1-0"]
[WhiteElo "2427"]
[BlackElo "2204"]
[TimeControl "180+1"]
[EndTime "8:30:42 PST"]
[Termination "Brahianzevich won by checkmate"]

1. e4 c6 2. d4 d5 3. Nc3 dxe4 4.
Nxe4 Nf6 5. Nxf6+ exf6 6. c3 Bd6 7. Bd3 O-O 8. Qc2 Re8+ 9. Ne2 h5 10. Be3 Nd7 11. O-O-O Nf8 12. Kb1 Qc7 13. Ng3 g6 14. Rde1 Bd7 15. Ne4 Be7 16. Qd2 f5 17. Bf4 Qa5 18. Ng5 Ne6 19. Nxe6 Bxe6 20. b3 c5 21. Be5 Bf8 22. g4 fxg4 23. d5 Bd7 24. Qg5 Kh7 25. Qxh5+ Kg8 26. Qh8# 1-0

[Event "Early-Titled-Tuesday-Blitz-February-13-2024"]
[Site "Chess.com"]
[Date "2024.02.13"]
[Round "3"]
[White "stollenmonster"]
[Black "Yurovskykh_Oleksandr"]
[Result "1/2-1/2"]
[WhiteElo "2907"]
[BlackElo "2658"]
[TimeControl "180+1"]
[EndTime "8:30:43 PST"]
[Termination "Game drawn by repetition"]

1. e4 e6 2. Nc3 d5 3. g3 Nf6 4. Bg2 Be7 5. Nge2 O-O 6. d4 dxe4 7. Nxe4 Nxe4 8. Bxe4 Nd7 9. O-O Nf6 10. Bg2 Rb8 11. c4 b6 12. Nc3 Bb7 13. Bxb7 Rxb7 14. Qf3 Qa8 15. Re1 Rbb8 16. d5 Rfe8 17. Bg5 exd5 18. Bxf6 Bxf6 19. Nxd5 Bxb2 20. Rad1 Be5 21. Qf5 Bd6 22. Qg5 Kf8 23. Qf5 Kg8 24. Qg5 h6 25. Qg4 Kf8 26. Qf5 Kg8 27. Qg4 Kf8 28. Qf5 Kg8 29.
Qg4 1/2-1/2

[Event "Early-Titled-Tuesday-Blitz-February-13-2024"]
[Site "Chess.com"]
[Date "2024.02.13"]
[Round "3"]
[White "ploxoi"]
[Black "Willhaven3"]
[Result "0-1"]
[WhiteElo "2432"]
[BlackElo "2621"]
[TimeControl "180+1"]
[EndTime "8:30:43 PST"]
[Termination "Willhaven3 won by resignation"]

1. d4 Nf6 2. c4 e6 3. g3 d5 4.
Nf3 Be7 5. Bg2 Ne4 6. O-O f5 7.
Nbd2 Nc6 8. Qc2 Bf6 9. e3 h5 10. h4 g5 11. hxg5 Bxg5 12. Nxg5 Qxg5 13. Nf3 Qf6 14. Nh4 Bd7 15. b4 Rc8 16. cxd5 exd5 17. b5 Ne7 18. a4 Ng6 19. Nxg6 Qxg6 20. f3 Nxg3 21. Re1 h4 22. Kh2 Qd6 23. f4 Ne4 24.
Bxe4 fxe4 25. Ba3 Qe6 26. Qg2 Rg8 27. Qf1 Rg3 28. Re2 Qg4 29. Raa2 Rh3+ 0-1

[Event "Early-Titled-Tuesday-Blitz-February-13-2024"]
[Site "Chess.com"]
[Date "2024.02.13"]
[Round "3"]
[White "ChessSwole"]
[Black "InitiatingASC"]
[Result "1-0"]
[WhiteElo "2680"]
[BlackElo "2408"]
[TimeControl "180+1"]
[EndTime "8:30:43 PST"]
[Termination "ChessSwole won by checkmate"]

1. d4 d5 2. Nc3 Bf5 3. Bf4 c6 4. e3 e6 5. Bd3 Bd6 6. Bxf5 Bxf4 7.
Bxe6 fxe6 8. exf4 Nh6 9. Qe2 O-O 10. g3 Qd6 11. Nf3 Nd7 12. O-O Nf5 13. Rfe1 Rae8 14. Rad1 Qb4 15. Qd3 c5 16. a3 Qxb2 17. Na4 c4 18.
Qxf5 Qxa3 19. Qh3 Qxf3 20. Rb1 Nf6 21. Rxe6 b5 22. Nc5 Ng4 23. Qg2 Qc3 24. Qxd5 Kh8 25. Qd7 Qxc2 26. Rf1 Rxe6 27. Nxe6 Rg8 28. Ng5 b4 29.
Nf7# 1-0

[Event "Early-Titled-Tuesday-Blitz-February-13-2024"]
[Site "Chess.com"]
[Date "2024.02.13"]
[Round "3"]
[White "SpeedofLight0"]
[Black "bascheyaro"]
[Result "1-0"]
[WhiteElo "3064"]
[BlackElo "2785"]
[TimeControl "180+1"]
[EndTime "8:30:47 PST"]
[Termination "SpeedofLight0 won on time"]

1. d4 d5 2. Nc3 Nf6 3. Bf4 c6 4. e3 Bf5 5. Bd3 Bxd3 6. cxd3 e6 7. Nf3 Bd6 8. Qb3 Bxf4 9. Qxb7 Qc7 10. Qxa8 Bd6 11. Rc1 Nd7 12. Nb5 Qa5+ 13. Nc3 Qa6 14. Na4 Bb4+ 15. Ke2 Qxa4 16. Ne5 O-O 17. Nxd7 Nxd7 18.
Qxc6 Qxc6 19. Rxc6 Ba5 20. Rhc1 Bb6 21. b4 Rd8 22. a4 a5 23. bxa5 Bxa5 24. Ra6 Bb6 25. a5 Bxd4 26. exd4 Nb8 27. Ra8 1-0

[Event "Early-Titled-Tuesday-Blitz-February-13-2024"]
[Site "Chess.com"]
[Date "2024.02.13"]
[Round "3"]
[White "tetrix83"]
[Black "Dyadya81"]
[Result "0-1"]
[WhiteElo "2513"]
[BlackElo "2813"]
[TimeControl "180+1"]
[EndTime "8:30:47 PST"]
[Termination "Dyadya81 won by resignation"]

1. e4 c5 2. Nf3 Nf6 3. e5 Nd5 4.
Nc3 e6 5. Nxd5 exd5 6. d4 Nc6 7. Bd3 d6 8. exd6 c4 9. Qe2+ Be6 10. Bf5 Qxd6 11.
O-O Be7 12. Bxe6 Qxe6 13. Qxe6 fxe6 14. Bf4 O-O 15. Be5 Rf5 16. Rfe1 Raf8 17. Re2 g5 18. h3 h5 19. Rd1 g4 20. hxg4 hxg4 21. Nh2 Nxe5 22. dxe5 g3 23. fxg3 Bc5+ 24. Kh1 Rf2 25. Rde1 b5 26. g4 R8f7 27. c3 b4 28. g3 a5 29. g5 Rh7 30. Rxf2 Bxf2 31. Re2 Bxg3 32. Kg1 Rxh2 33. Rxh2 Bxh2+ 34. Kxh2 bxc3 35. bxc3 d4 0-1